 Dungeon Crawl Stone Soup version 0.29-a0-187-ga23d9638d5 (webtiles) character file.

Game seed: 5194523784627007534

17272 bande the Cleaver (level 12, -12/72 HPs)
             Began as a Gargoyle Fighter on Feb 21, 2022.
             Was the Champion of Okawaru.
             Mangled by a dire elephant (20 damage)
             ... on level 1 of the Lair of Beasts.
             The game lasted 00:22:24 (11769 turns).

bande the Cleaver (Gargoyle Fighter)               Turns: 11769, Time: 00:22:24

Health: -12/72     AC: 39    Str: 31    XL:     12   Next: 46%
Magic:  18/18      EV:  7    Int:  9    God:    Okawaru [******]
Gold:   1501       SH: 20    Dex:  8    Spells: 11/11 levels left

rFire   . . .      SeeInvis .   r - +10 broad axe of Doobloa {protect, rElec rC+ Str+4 Dex-5}
rCold   + + .      Faith    +   s - +6 tower shield of Hopscotch {rC+ Str+6}
rNeg    + + .      Spirit   .   g - +1 pearl dragon scales
rPois   ∞          Reflect  .   v - +2 helmet
rElec   +          Harm     .   (no cloak)
rCorr   .          Rampage  .   C - +0 pair of gloves
Will    +....                   (no boots)
Stlth   ..........              u - amulet of faith
HPRegen 0.22/turn               q - +4 ring of protection
MPRegen 0.16/turn               o - ring of willpower

@: under a protective aura, very slow
A: sickness immunity, AC +8, negative energy resistance 1, electricity
resistance, torment resistance 1, petrification resistance
a: Renounce Religion, Heroism, Finesse, Duel


You were on level 1 of the Lair of Beasts.
You worshipped Okawaru.
Okawaru was exalted by your worship.
You visited 3 branches of the dungeon, and saw 11 of its levels.
You also visited: Bailey.

You collected 1501 gold pieces.

Inventory:

Hand Weapons
 a - a +0 spectral war axe
 d - a +0 broad axe
 m - a +0 flail
 r - the +10 broad axe of Doobloa (weapon) {protect, rElec rC+ Str+4 Dex-5}
   (Okawaru gifted it to you on level 1 of the Lair of Beasts)

   It grants its wielder temporary protection when it strikes (+7 to AC).
   Str:       It affects your strength (+4).
   Dex:       It affects your dexterity (-5).
   rC:        It protects you from cold.
   rElec:     It insulates you from electricity.
 E - a +5 long sword of flaming
 I - a +4 broad axe of electrocution
Missiles
 y - a throwing net (quivered)
Armour
 c - a +0 buckler
 g - +1 pearl dragon scales (worn)
 s - the +6 tower shield of Hopscotch (worn) {rC+ Str+6}
   (You acquired it on level 6 of the Dungeon)

   Str:       It affects your strength (+6).
   rC:        It protects you from cold.
 v - a +2 helmet (worn)
 C - a +0 pair of gloves (worn)
Jewellery
 b - a +4 ring of evasion
 h - a ring of protection from cold
 n - a ring of ice
 o - a ring of willpower (right hand)
 p - a ring of wizardry
 q - a +4 ring of protection (left hand)
 u - an amulet of faith (around neck)
 D - a ring of ice
Wands
 i - a wand of polymorph (19)
Scrolls
 f - 3 scrolls of teleportation
 t - a scroll of fog
 z - a scroll of silence
Potions
 e - a potion of magic
 j - 2 potions of invisibility
 k - 9 potions of curing
 l - a potion of mutation {unknown}
 w - 2 potions of cancellation
 x - 3 potions of resistance
 A - 2 potions of haste
 B - 2 potions of flight
 F - a potion of degeneration {unknown}
 G - 2 potions of heal wounds
 H - a potion of berserk rage {unknown}


   Skills:
 + Level 7.5 Fighting
 + Level 10.9 Axes
 + Level 8.1 Armour
 + Level 9.6 Shields
 * Level 8.4 Invocations
 * Level 7.3 Evocations


You had 11 spell levels left.
You didn't know any spells.
Your spell library contained the following spells:

 Spells                   Type           Power      Damage    Failure   Level
 Static Discharge         Conj/Air       0%         N/A       100%        2
 Dispel Undead            Necr           0%         3d6       100%        4
 Sticky Flame             Conj/Fire      0%         2d3       100%        4
 Fireball                 Conj/Fire      0%         3d3       100%        5
 Iskenderun's Battlesphe  Conj           0%         2d6       100%        5
 Conjure Ball Lightning   Conj/Air       0%         3x3d6     100%        6
 Orb of Destruction       Conj           0%         9d5       100%        7


Dungeon Overview and Level Annotations

Branches:
Dungeon (9/15)             Temple (1/1) D:4            Lair (1/6) D:9
 Bailey (visited)
    Orc: D:9-12

Altars:
Ashenzari
Dithmenos
Elyvilon
Fedhas
Gozag
Hepliaklqana
Kikubaaqudgha
Makhleb
Nemelex Xobeh
Okawaru
Qazlal
Ru
Sif Muna
Trog
Vehumet
Xom
Yredelemnul
Zin
The Shining One

Shops:
D:1 [   D:2 :   D:9 [


Innate Abilities, Weirdness & Mutations

You are immune to sickness and miasma.
Your stone body is resilient. (AC +8)
You are immune to poison.
You resist negative energy. (rN+)
You are resistant to electric shocks. (rElec)
You are resistant to unholy torment.
You are immune to petrification.


Message History

Unknown command.
Unknown command.
Unknown command.
You hit the dire elephant.
The dire elephant is moderately wounded.
You barely miss the wyvern. The wyvern bites you!
You block the wyvern's attack.
You block the dire elephant's attack. x2
You slash the dire elephant!
The dire elephant is heavily wounded.
You slash the wyvern! You block the wyvern's attack.
The dire elephant tramples you!!
You hold your ground!
You block the dire elephant's attack. You block the wyvern's attack.
Your unstable footing causes you to fumble your attack.
You block the wyvern's attack. You block the dire elephant's attack.
The dire elephant trunk-slaps you but does no damage.
The wyvern bites you but does no damage.
The dire elephant tramples you!
* * * LOW HITPOINT WARNING * * *
You hold your ground!
You block the dire elephant's attack.
Unknown command.
Unknown command.
You hit the dire elephant.
The dire elephant is heavily wounded.
You slash the wyvern!
You kill the wyvern!
Okawaru accepts your kill. The dire elephant tramples you.
* * * LOW HITPOINT WARNING * * *
You hold your ground!
The dire elephant trunk-slaps you but does no damage.
You block the lindwurm's attack. x2
The lindwurm claws you but does no damage.
You slash the dire elephant!
The dire elephant is heavily wounded.
You hit the lindwurm.
You block the dire elephant's attack. x2
You block the lindwurm's attack. x2; The lindwurm claws you.
* * * LOW HITPOINT WARNING * * *
Your unstable footing causes you to fumble your attack.
The dire elephant tramples you!!
You die...

......♣♣♣≈PP≈≈≈P≈≈≈P≈≈≈≈≈≈..P♣♣♣.
......♣♣≈≈≈≈≈≈≈≈≈≈≈≈≈≈≈≈≈...♣♣♣..
......♣♣≈≈≈≈≈≈≈♣≈♣♣≈≈≈≈≈♣♣.♣♣ ♣♣.
......♣♣≈≈♣♣♣♣♣#♣♣.♣♣♣♣#♣.#♣ ♣..
######♣#†## ##.## ##.# ♣## #
#≈≈##### ##### #### #≈≈≈≈≈≈##
#≈≈≈≈# ≈Yk8#
#≈≈≈≈≈≈≈♣♣k≈≈#≈≈##≈.!:#
#≈≈≈##≈≈≈@Y≈##≈≈#≈≈.|$#
#≈≈≈.##≈≈≈≈## ≈≈≈≈≈≈.8#
############ ########


You could see a dire elephant and a lindwurm.

Vanquished Creatures
  A dire elephant (Lair:1)
  2 two-headed ogres (D:9)
  An orc high priest (Bailey)
  4 orc knights (Bailey)
  5 elephants (Lair:1)
  3 cane toads (Lair:1)
  Maggie (D:6)
  A rime drake (Lair:1)
  A kobold demonologist (Bailey)
  3 komodo dragons
  A troll (D:9)
  28 yaks
  2 wyverns
  Duvessa (D:4)
  3 water moccasins (Lair:1)
  3 ice beasts
  A hornet zombie (D:8)
  8 orc warriors (Bailey)
  2 centaurs
  A kobold brigand (D:9)
  2 phantoms (D:6)
  9 bullfrogs
  A scorpion (D:7)
  Dowan (D:4)
  13 killer bees (D:9)
  4 electric eels (Bailey)
  4 wights (D:8)
  A howler monkey (D:8)
  3 centaur zombies
  A bullfrog zombie (D:5)
  A jelly (D:7)
  A centaur skeleton (D:6)
  Terence (D:2)
  3 iguanas
  4 orc wizards
  2 hound skeletons
  7 gnolls
  6 adders
  A white imp (D:7)
  An adder skeleton (D:4)
  2 dart slugs (D:1)
  19 orcs
  7 bats
  6 endoplasms
  A giant cockroach (D:4)
  11 goblins
  13 hobgoblins
  7 jackals
  2 quokkas
  3 ball pythons
  4 frilled lizards
  10 kobolds
  3 rats
226 creatures vanquished.

Vanquished Creatures (others)
  2 bushes (Lair:1)
  A fungus (Lair:1)
  32 plants
  9 toadstools (Lair:1)
44 creatures vanquished.

Grand Total: 270 creatures vanquished

Notes
Turn   | Place    | Note
-------+----------+-------------------------------------------
     0 | D:1      | bande the Gargoyle Fighter began the quest for the Orb.
     0 | D:1      | Reached XP level 1. HP: 14/14 MP: 1/1
    35 | D:1      | Reached XP level 2. HP: 8/19 MP: 2/2
   354 | D:1      | Reached skill level 2 in Axes
   629 | D:1      | Found Guthru's Armour Shoppe.
   669 | D:1      | Reached XP level 3. HP: 24/24 MP: 3/3
  1150 | D:2      | Reached XP level 4. HP: 26/29 MP: 4/4
  1267 | D:2      | Found a sacrificial altar of Ru.
  1370 | D:2      | Found Wiung's Book Boutique.
  1515 | D:2      | Noticed Terence
  1529 | D:2      | Killed Terence
  1704 | D:2      | Found a faded altar of an unknown god.
  2885 | D:4      | Reached XP level 5. HP: 33/33 MP: 5/5
  2950 | D:4      | Reached skill level 1 in Evocations
  2957 | D:4      | Reached skill level 3 in Axes
  3446 | D:4      | Noticed Duvessa
  3448 | D:4      | Noticed Dowan
  3455 | D:4      | Killed Dowan
  3456 | D:4      | Reached XP level 6. HP: 21/38 MP: 6/6
  3457 | D:4      | Killed Duvessa
  3458 | D:4      | Reached skill level 4 in Axes
  3458 | D:4      | Reached skill level 5 in Armour
  3928 | D:4      | Found a staircase to the Ecumenical Temple.
  3935 | Temple   | Entered the Ecumenical Temple
  4099 | Temple   | Became a worshipper of Warmaster Okawaru
  4210 | D:5      | Entered Level 5 of the Dungeon
  4383 | D:5      | Reached XP level 7. HP: 43/43 MP: 7/7
  4507 | D:5      | Found a white marble altar of Elyvilon.
  4517 | D:5      | Found a bloodstained altar of Trog.
  4520 | D:5      | Found a radiant altar of Vehumet.
  4524 | D:5      | Found a shimmering altar of Xom.
  4533 | D:5      | Found a broken altar of Ashenzari.
  4812 | D:6      | Identified a scroll of acquirement
  4812 | D:6      | Acquired the +6 tower shield of Hopscotch {rC+ Str+6}
  4873 | D:6      | Reached * piety under Okawaru
  4874 | D:6      | Reached skill level 1 in Invocations
  4947 | D:6      | Reached skill level 5 in Axes
  5049 | D:6      | Reached XP level 8. HP: 48/48 MP: 9/9
  5271 | D:6      | Noticed Maggie
  5284 | D:6      | Killed Maggie
  5284 | D:6      | Reached ** piety under Okawaru
  5742 | D:6      | Reached skill level 6 in Axes
  5788 | D:7      | Found a shimmering blue altar of Sif Muna.
  5872 | D:7      | Reached skill level 5 in Shields
  5882 | D:7      | Reached *** piety under Okawaru
  5883 | D:7      | Reached XP level 9. HP: 52/53 MP: 11/11
  6068 | D:7      | Reached skill level 5 in Fighting
  6247 | D:8      | Reached skill level 7 in Axes
  6309 | D:8      | Found a flagged portal.
  6428 | D:8      | Reached **** piety under Okawaru
  6459 | Bailey   | Entered a bailey
  6515 | Bailey   | Noticed an orc knight
  6530 | Bailey   | Killed an orc knight
  6531 | Bailey   | Reached skill level 5 in Invocations
  6711 | Bailey   | Reached XP level 10. HP: 50/59 MP: 13/13
  7048 | Bailey   | Reached skill level 8 in Axes
  7513 | Bailey   | Noticed an orc knight
  7546 | Bailey   | Killed an orc knight
  7547 | Bailey   | Reached skill level 5 in Evocations
  7548 | Bailey   | Noticed a kobold demonologist
  7749 | Bailey   | Noticed an orc high priest
  7751 | Bailey   | Noticed an orange demon
  7795 | Bailey   | Killed an orc high priest
  7795 | Bailey   | Reached ***** piety under Okawaru
  7975 | Bailey   | Found an iron altar of Okawaru.
  7982 | Bailey   | Noticed an orc knight
  7996 | Bailey   | Killed an orc knight
  7996 | Bailey   | Identified the +2 pair of gloves "Muop" {rPois MP+9 Dex-3}
                  | (Okawaru gifted it to you in a bailey)
  7996 | Bailey   | Received a gift from Okawaru
  8095 | Bailey   | Noticed a sun demon
  8098 | Bailey   | Noticed a rust devil
  8101 | Bailey   | Killed a kobold demonologist
  8286 | Bailey   | Noticed an orc knight
  8293 | Bailey   | Killed an orc knight
  8646 | D:8      | Acquired a +4 broad axe of electrocution
  8652 | D:8      | Acquired 858 gold pieces
  8903 | D:8      | Found a shadowy altar of Dithmenos.
  8903 | D:8      | Found a blossoming altar of Fedhas.
  9084 | D:9      | Reached skill level 9 in Axes
  9084 | D:9      | Reached XP level 11. HP: 64/64 MP: 15/15
  9182 | D:9      | Found a staircase to the Lair.
  9336 | D:9      | Noticed a two-headed ogre
  9345 | D:9      | Killed a two-headed ogre
  9564 | D:9      | Found Ihidex's Antique Armour Shop.
  9603 | D:9      | Noticed a two-headed ogre
  9612 | D:9      | Killed a two-headed ogre
  9992 | Lair:1   | Entered Level 1 of the Lair of Beasts
 10075 | Lair:1   | Identified the +10 broad axe of Doobloa {protect, rElec rC+
                  | Str+4 Dex-5} (Okawaru gifted it to you on level 1 of the
                  | Lair of Beasts)
 10075 | Lair:1   | Received a gift from Okawaru
 10448 | Lair:1   | Reached skill level 10 in Axes
 10726 | Lair:1   | Noticed a lindwurm
 10726 | Lair:1   | Noticed a dire elephant
 10746 | Lair:1   | Found a runed translucent door.
 10836 | Lair:1   | Received a gift from Okawaru
 10847 | Lair:1   | Reached XP level 12. HP: 48/72 MP: 17/17
 11005 | Lair:1   | Identified the +0 battleaxe of the King {vorpal, Will+
                  | Int+4} (Okawaru gifted it to you on level 1 of the Lair of
                  | Beasts)
 11005 | Lair:1   | Received a gift from Okawaru
 11075 | Lair:1   | Noticed a dire elephant
 11100 | Lair:1   | Killed a dire elephant
 11543 | Lair:1   | Reached ****** piety under Okawaru
 11769 | Lair:1   | Mangled by a dire elephant

Illustrated notes

Levels and vault maps discovered:
D:1:      minmay_arrival_nine_rooms, layout_rooms, serial_shops, shop,
          minivault_5, serial_park_tiny_2
D:2:      layout_basic, serial_shops, nicolae_shop_window_shopping, basic_altar,
          shapermc_ecumenical_altar_ellora, kennysheep_nondescript, uniq_terence
D:3:      layout_basic, serial_co_window_serial, co_window_corner_a,
          co_window_cross_1, co_window_of_opportunity_a,
          co_window_of_opportunity_a, co_window_paths_a,
          co_window_of_opportunity_b, co_window_of_opportunity_c,
          co_window_of_opportunity_b, co_window_broadway_a,
          co_window_broadway_c, co_window_corner_b, co_window_corner_b,
          co_window_sun, glass_columns_a, glass_columns_b, glass_columns_a,
          glass_columns_b, glass_columns_a, corner_web_ring
D:4:      layout_loops_cross, temple_green, uniq_duvessa
D:5:      nicolae_BIG_FREAKIN_CUBE, layout_rooms,
          nicolae_overflow_hallway_of_the_gods
D:6:      layout_basic, uniq_maggie
D:7:      layout_gridville, nicolae_sif_muna_condensation, minmay_quadrilaterals
D:8:      layout_basic, gammafunk_temple_overflow_statue, enter_bailey_8,
          st_stairs_5
D:9:      layout_rooms, david_lair_shrubbed, serial_glass, glass_columns_c,
          glass_columns_b, item_on_display_a, serial_shops, shop, eino_jars
Temple:   minmay_temple_curvy_loop
Lair:1:   gammafunk_lair_enchanted_lake, layout_regular_city,
          nicolae_lair_grazing_beasts [nicolae_sub_lair_graze_edge,
          nicolae_sub_lair_graze_edge, nicolae_sub_lair_graze_edge,
          nicolae_sub_lair_graze_edge]

Skill      XL: |  1  2  3  4  5  6  7  8  9 10 11 12 |
---------------+-------------------------------------+-----
Axes           | 2 3 4 5 6 7 9 10 | 10.9
Armour         | 4 5 6 7 8 |  8.1
Evocations     | 1 2 3 4 5 6 7 |  7.3
Fighting       | 4 5 6 7 |  7.5
Shields        | 4 5 6 7 9 |  9.6
Invocations    | 2 3 5 6 7 8 |  8.4

Action                   |  1- 3 |  4- 6 |  7- 9 | 10-12 || total
-------------------------+-------+-------+-------+-------++-------
Melee: War axe           |    94 |    84 |   111 |   139 ||   428
       Broad axe         |       |       |       |   200 ||   200
Invok: Heroism           |       |       |     1 |     3 ||     4
  Use: Scroll            |     3 |     6 |     8 |     6 ||    23
       Potion            |       |       |     2 |       ||     2
 Stab: Distracted        |       |       |     2 |       ||     2
Armor: Scale mail        |    42 |       |       |       ||    42
       Pearl dragon scal |    52 |    38 |    58 |   217 ||   365
Dodge: Dodged            |    64 |    46 |    16 |    61 ||   187
Block: Buckler           |    25 |    21 |     2 |       ||    48
       Tower shield      |       |       |    95 |   434 ||   529

Table legend: (Time is in decaauts)
 A = Elapsed time spent in this place.
 B = Non-inter-level travel time spent in this place.
 C = Inter-level travel time spent in this place.
 D = Time resting spent in this place.
 E = Time spent auto-exploring this place.
 F = Levels seen in this place.
 G = Mean time per level.
                   A        B        C        D        E       F      G
               +--------+--------+--------+--------+--------+-----+--------+
         Total |  12077 |  12018 |     59 |   2935 |   6467 |  12 | 1006.4 |
       Dungeon |   7917 |   7872 |     45 |   1104 |   5145 |   9 |  879.7 |
        Temple |    191 |    177 |     14 |      0 |    151 |   1 |  191.0 |
          Lair |   1865 |   1865 |      0 |    614 |    886 |   1 | 1865.0 |
        Bailey |   2102 |   2102 |      0 |   1217 |    285 |   1 | 2102.0 |
               +--------+--------+--------+--------+--------+-----+--------+

Top non-repeatable levels by time:
  Bailey: 2102 daAuts
  Lair:1: 1865 daAuts
     D:4: 1176 daAuts
     D:1: 1108 daAuts
     D:3: 1027 daAuts
     D:6: 1002 daAuts
     D:9: 982 daAuts
     D:8: 775 daAuts
     D:2: 769 daAuts
     D:5: 612 daAuts
     D:7: 463 daAuts
  Temple: 191 daAuts
